 Dungeon Crawl Stone Soup version 0.31-a0-198-g2ad674f65e (webtiles) character file.

Game seed: 1538355252114799388

306 NoAnimeNoLife the Trooper (level 6, -18/68 HPs)
             Began as an Ogre Warper on June 25, 2023.
             Demolished by an ogre
             ... wielding a +0 giant club
              (22 damage)
             ... on level 4 of the Dungeon.
             The game lasted 00:03:19 (3026 turns).

NoAnimeNoLife the Trooper (Ogre Warper)             Turns: 3026, Time: 00:03:20

Health: -18/68     AC:  4    Str: 18    XL:     6   Next: 39%
Magic:  9/9        EV:  9    Int: 14    God:
Gold:   181        SH:  0    Dex:  8    Spells: 9/9 levels left

rFire   . . .        g - +0 flail
rCold   . . .        (no shield)
rNeg    . . .        b - +1 robe
rPois   +            (helmet restricted)
rElec   .            (no cloak)
rCorr   .            (gloves unavailable)
SInv    .            (boots unavailable)
Will    .....        k - amulet of regeneration
Stlth   +            h - ring of poison resistance
HPRegen 1.11/turn    (no ring)
MPRegen 0.11/turn

%: no passive effects
@: no status effects
A: large, unfitting armour, tough skin 1
a: no special abilities


You were on level 4 of the Dungeon.
You visited 1 branch of the dungeon, and saw 4 of its levels.

You collected 181 gold pieces.

Inventory:

Hand Weapons
 a - a +0 mace
 g - a +0 flail (weapon)
Missiles
 c - 2 silver boomerangs
Armour
 b - a +1 robe (worn)
Magical Staves
 e - a staff of fire
Jewellery
 h - a ring of poison resistance (left hand)
 k - an amulet of regeneration (around neck)
Scrolls
 i - 4 scrolls of vulnerability
Potions
 f - 2 potions of degeneration
 l - a potion of enlightenment


   Skills:
 + Level 6.3 Fighting
 + Level 4.3 Maces & Flails
 - Level 1.0 Throwing
 - Level 2.1 Dodging
 - Level 2.4 Spellcasting
 - Level 2.6 Translocations


You had 9 spell levels left.
You didn't know any spells.
Your spell library contained the following spells:

 Spells                   Type           Power      Damage    Failure   Level
 Apportation              Tloc           18%        N/A       8%          1
 Blink                    Tloc           18%        N/A       12%         2
 Lesser Beckoning         Tloc           18%        N/A       12%         2
 Kiss of Death            Conj/Necr      4%         2d5       22%         1
 Slow                     Hex            4%         N/A       22%         1
 Summon Small Mammal      Summ           4%         N/A       22%         1
 Teleport Other           Tloc           9%         N/A       22%         3
 Vhi's Electric Charge    Tloc/Air       10%        N/A       36%         3
 Call Canine Familiar     Summ           1%         N/A       56%         3
 Confusing Touch          Hex            1%         N/A       56%         3
 Summon Guardian Golem    Hex/Summ       1%         N/A       56%         3
 Vampiric Draining        Necr           1%         2d6       56%         3
 Manifold Assault         Tloc           9%         N/A       58%         4
 Dispel Undead            Necr           1%         3d6       92%         4
 Alistair's Intoxication  Tmut/Pois      0%         N/A       99%         5


Dungeon Overview and Level Annotations

Branches:
Dungeon (4/15)
 Temple: D:4-7

Altars:
Zin


Innate Abilities, Weirdness & Mutations

You are too large for most types of armour.
You have tough skin. (AC +1)


Message History

The dart slug is lightly wounded.
The dart slug closely misses you.
A dart slug is nearby!
You sock the dart slug!
You kill the dart slug!
An ogre comes into view. It is wielding a +0 giant club.
The ogre shouts!
You hear a shout!
An ogre is nearby!
The ogre hits you with a +0 giant club!
You sock the ogre!
The ogre is moderately wounded.
The ogre hits you with a +0 giant club!!
An ogre is nearby!
You are too injured to fight recklessly!
You are too injured to fight recklessly!
You are too injured to fight recklessly!
You are too injured to fight recklessly!
You are too injured to fight recklessly!
You are too injured to fight recklessly!
You completely miss the ogre.
The ogre is moderately wounded.
The ogre closely misses you.
Okay, then.
Okay, then.
You barely miss the ogre.
The ogre is moderately wounded.
You sock the ogre!
The ogre is heavily wounded.
The ogre hits you with a +0 giant club!
* * * LOW HITPOINT WARNING * * *
A hobgoblin comes into view.
You hit the ogre.
The ogre is severely wounded.
The ogre hits you with a +0 giant club!
* * * LOW HITPOINT WARNING * * *
You are too injured to fight recklessly!
You hit the ogre but do no damage.
The ogre is severely wounded.
The ogre hits you with a +0 giant club!!
You die...

#...# ###...## ......
...#####
###############......###
.........†......####...#
.###############.......<
.# #.....†....g...... .#
#.....†...@O.$.... .#
#..........##..... .#
#..........# ..... ##
#..........# ....
############ ... ...


You could see an ogre and a hobgoblin.

Vanquished Creatures
  A black bear (D:4)
  A hound (D:4)
  An orc priest (D:3)
  An orc wizard (D:3)
  A gnoll (D:1)
  6 adders
  4 worms
  A dart slug (D:4)
  3 orcs (D:3)
  6 ball pythons
  8 endoplasms
  5 goblins
  7 hobgoblins
  2 quokkas
  4 bats
  2 frilled lizards
  3 kobolds
  2 rats
58 creatures vanquished.

Notes
Turn   | Place    | Note
-------+----------+-------------------------------------------
     0 | D:1      | NoAnimeNoLife the Ogre Warper began the quest for the Orb.
     0 | D:1      | Reached XP level 1. HP: 22/22 MP: 3/3
    90 | D:1      | Reached skill level 3 in Fighting
   183 | D:1      | Reached XP level 2. HP: 31/31 MP: 5/5
   594 | D:1      | Reached XP level 3. HP: 39/39 MP: 6/6
   975 | D:2      | Reached skill level 4 in Fighting
  1542 | D:2      | Reached XP level 4. HP: 46/49 MP: 7/7
  2183 | D:3      | Reached skill level 5 in Fighting
  2187 | D:3      | Reached XP level 5. HP: 25/57 MP: 8/8
  2355 | D:3      | Found a glowing silver altar of Zin.
  2893 | D:4      | Noticed a black bear
  2905 | D:4      | Killed a black bear
  2906 | D:4      | Reached skill level 6 in Fighting
  2906 | D:4      | Reached XP level 6. HP: 50/67 MP: 9/9
  3025 | D:4      | HP: 2/68 [ogre/+0 giant club (14)]
  3026 | D:4      | Demolished by an ogre

Illustrated notes

Levels and vault maps discovered:
D:1:      spicycebolla_arrival_ecumenical, layout_loops_cross, chequers_jeans,
          hangedman_decor_push
D:2:      layout_basic, grunt_decor_resistance
D:3:      layout_rooms, mainiacjoe_overflow_paths,
          hangedman_decor_diamond_cutter, minmay_ruptured
D:4:      layout_basic, serial_rivers, chequers_serial_rivers_micro_b,
          chequers_serial_rivers_small_3, chequers_serial_rivers_micro_b,
          chequers_serial_rivers_micro_e, chequers_serial_rivers_small_3,
          uniq_duvessa

Skill      XL: |  1  2  3  4  5 |
---------------+----------------+-----
Fighting       | 3 4 5 6 |  6.3
Maces & Flails | 2 3 4 |  4.3
Throwing       | |  1.0
Dodging        | |  2.1
Spellcasting   | |  2.4
Translocations | |  2.6

Action                     |  1- 3 |  4- 6 || total
---------------------------+-------+-------++-------
  Melee: Mace              |    38 |       ||    38
         Flail             |    62 |   149 ||   211
         Punch             |       |     2 ||     2
  Throw: Boomerang         |     6 |     1 ||     7
    Use: Scroll            |     1 |     7 ||     8
         Potion            |       |     2 ||     2
   Stab: Sleeping          |     2 |       ||     2
         Invisible         |       |     1 ||     1
 Armour: Robe              |    33 |    50 ||    83
  Dodge: Dodged            |    57 |    94 ||   151

Table legend: (Time is in decaauts)
 A = Elapsed time spent in this place.
 B = Non-inter-level travel time spent in this place.
 C = Inter-level travel time spent in this place.
 D = Time resting spent in this place.
 E = Time spent auto-exploring this place.
 F = Levels seen in this place.
 G = Mean time per level.
                   A        B        C        D        E       F      G
               +--------+--------+--------+--------+--------+-----+--------+
         Total |   3086 |   2881 |    205 |     96 |   2162 |   4 |  771.5 |
       Dungeon |   3086 |   2881 |    205 |     96 |   2162 |   4 |  771.5 |
               +--------+--------+--------+--------+--------+-----+--------+

Top non-repeatable levels by time:
     D:2: 1180 daAuts
     D:1: 918 daAuts
     D:3: 803 daAuts
     D:4: 183 daAuts
